 Dungeon Crawl Stone Soup version 0.28-a0-1389-gc726bef33b (webtiles) character file.

Game seed: 10987458056595563651

566210 backslashecho the Hoplite (level 25, -1/240 HPs)
             Began as a Minotaur Fighter on Jan 1, 2022.
             Was a High Priest of Zin.
             Slain by a black draconian knight (9 damage)
             ... on level 3 of the Abyss on Jan 4, 2022.
             The game lasted 03:56:53 (66901 turns).

backslashecho the Hoplite (Minotaur Fighter)       Turns: 66901, Time: 03:56:54

Health: -1/240     AC: 49    Str: 37      XL:     25   Next: 50%
Magic:  31/31      EV: 15    Int:  7 (9)  God:    Zin [*****.]
Gold:   5354       SH: 27    Dex: 19      Spells: 24/24 levels left

rFire   + + +      SeeInvis +   b - +8 broad axe (holy)
rCold   + + .      Faith    .   S - +2 tower shield {rC+}
rNeg    + . .      Spirit   .   p - +7 crystal plate armour of Okawaru's Supremacy {+Blink rF+}
rPois   ∞          Reflect  .   q - +2 hat "Fiemo" {rC+ Will+ rCorr}
rElec   .          Harm     .   B - +2 cloak {Will+}
rCorr   +          Rampage  .   m - +2 pair of gloves {hurl}
Will    +++++                   l - +2 pair of boots {Fly}
Stlth   ..........              Y - amulet "Uhiaheyh" {Acrobat rF+ rN+ Regen+ Stlth-}
HPRegen 0.00/turn               X - ring of the Establishment {rF+ Str+3 SInv}
MPRegen 0.22/turn               Z - ring of Yesterday {rF+ Will++}

@: vitalised, on recite cooldown, sick, flying, studying Throwing
A: horns 2, retaliatory headbutt, thin skeletal structure 1
}: 3/15 runes: serpentine, silver, gossamer
a: Renounce Religion, Evoke Blink, Recite, Vitalisation, Imprison, Sanctuary,
Donate Gold


You were on level 3 of the Abyss.
You worshipped Zin.
Zin was extremely pleased with you.
You visited 10 branches of the dungeon, and saw 47 of its levels.
You visited the Abyss 1 time.
You also visited: Trove, Ossuary, Ice Cave and Wizlab.

You collected 10245 gold pieces.
You spent 4799 gold pieces at shops.
You donated 92 gold pieces to Zin.

Inventory:

Hand Weapons
 a - a +9 broad axe of freezing
 b - a +8 broad axe of holy wrath (weapon)
 e - the +7 war axe of Poibbi {flame, rPois rF- Will+ SInv Stlth+}
   (Okawaru gifted it to you on level 2 of the Snake Pit)

   It burns those it strikes, dealing additional fire damage.
   Big, fiery blades are also staple armaments of hydra-hunters.
   rF:        It makes you vulnerable to fire.
   rPois:     It protects you from poison.
   SInv:      It lets you see invisible.
   Will:      It increases your willpower.
   Stlth:     It makes you more stealthy.
Missiles
 G - 4 throwing nets
 Q - 11 javelins (quivered)
 V - 10 curare-tipped darts
Armour
 l - a +2 pair of boots of flying (worn)
 m - a +2 pair of gloves of hurling (worn)
 p - the +7 crystal plate armour of Okawaru's Supremacy (worn) {+Blink rF+}
   (Okawaru gifted it to you on level 4 of the Spider Nest)

   rF:        It protects you from fire.
   +Blink:    It lets you blink.
 q - the +2 hat "Fiemo" (worn) {rC+ Will+ rCorr}
   (Okawaru gifted it to you on level 2 of the Depths)

   rC:        It protects you from cold.
   rCorr:     It protects you from acid and corrosion.
   Will:      It increases your willpower.
 B - a +2 cloak of willpower (worn)
 S - a +2 tower shield of cold resistance (worn)
Jewellery
 s - the ring of Pask {rElec rPois}
   (You found it on level 3 of the Elven Halls)

   [ring of poison resistance]

   rElec:     It insulates you from electricity.
   rPois:     It protects you from poison.
 z - a ring of resist corrosion
 I - the ring of the Weak Cherry {rN+ Int+3 Slay+2}
   (You took it off an ancient champion on level 3 of the Crypt)

   [ring of positive energy]

   Int:       It affects your intelligence (+3).
   Slay:      It affects your accuracy & damage with ranged weapons and melee
   (+2).
   rN:        It protects you from negative energy.
 T - the ring "Mecluogh" {rF- rC+ rN+ Int+6}
   (You found it in a wizard's laboratory)

   [ring of intelligence]

   Int:       It affects your intelligence (+6).
   rF:        It makes you vulnerable to fire.
   rC:        It protects you from cold.
   rN:        It protects you from negative energy.
 X - the ring of the Establishment (left hand) {rF+ Str+3 SInv}
   (You found it on level 14 of the Dungeon)

   [ring of protection from fire]

   Str:       It affects your strength (+3).
   rF:        It protects you from fire.
   SInv:      It lets you see invisible.
 Y - the amulet "Uhiaheyh" (around neck) {Acrobat rF+ rN+ Regen+ Stlth-}
   (You found it on level 14 of the Dungeon)

   [amulet of the acrobat]

   It increases your evasion while moving and waiting.
   rF:        It protects you from fire.
   rN:        It protects you from negative energy.
   Regen:     It increases your rate of health regeneration.
   Stlth:     It makes you less stealthy.
 Z - the ring of Yesterday (right hand) {rF+ Will++}
   (You found it in a wizard's laboratory)

   [ring of protection from fire]

   rF:        It protects you from fire.
   Will:      It greatly increases your willpower.
Wands
 f - a wand of mindburst (12)
 i - a wand of paralysis (31)
 j - a wand of flame (32)
 k - a wand of polymorph (13)
 C - a wand of iceblast (34)
 H - a wand of digging (6)
 L - a wand of acid (7)
Scrolls
 c - 44 scrolls of identify
 g - 8 scrolls of blinking
 o - 5 scrolls of fear
 x - a scroll of summoning
 y - 3 scrolls of holy word
 D - 5 scrolls of fog
 E - 20 scrolls of teleportation
 F - 13 scrolls of magic mapping
 K - 2 scrolls of silence
 M - 10 scrolls of vulnerability
Potions
 d - 32 potions of curing
 h - 3 potions of cancellation
 n - 7 potions of haste
 t - 13 potions of mutation
 v - 25 potions of heal wounds
 w - 4 potions of magic
 A - 9 potions of might
 O - 7 potions of resistance
 P - a potion of invisibility
 U - 14 potions of ambrosia
Miscellaneous
 r - a piece from Xom's chessboard (15/15)
 u - a condenser vane
 R - a phial of floods


   Skills:
 + Level 22.4 Fighting
 - Level 21.0 Axes
 - Level 16.0 Throwing
 + Level 22.4 Armour
 - Level 12.0 Dodging
 - Level 25.0 Shields
 - Level 2.4 Unarmed Combat
 + Level 12.0 Invocations
 + Level 17.8 Evocations


You had 24 spell levels left.
You didn't know any spells.
Your spell library contained the following spells:

 Spells                   Type           Power      Damage    Failure   Level
 Animate Skeleton         Necr           0%         N/A       95%         1
 Apportation              Tloc           0%         N/A       95%         1
 Magic Dart               Conj           0%         1d3       95%         1
 Pain                     Necr           0%         1d4       95%         1
 Sandblast                Erth           0%         2d4       95%         1
 Slow                     Hex            0%         N/A       95%         1
 Sting                    Tmut/Pois      0%         1d3       95%         1
 Blink                    Tloc           0%         N/A       98%         2
 Call Imp                 Summ           0%         N/A       98%         2
 Ensorcelled Hibernation  Hex/Ice        0%         N/A       98%         2
 Passwall                 Tmut/Erth      0%         N/A       98%         2
 Poisonous Vapours        Pois/Air       0%         N/A       98%         2
 Static Discharge         Conj/Air       0%         N/A       98%         2
 Confusing Touch          Hex            0%         N/A       100%        3
 Dazzling Flash           Conj/Hex       0%         N/A       100%        3
 Frozen Ramparts          Ice            0%         1d2       100%        3
 Gell's Gravitas          Tloc           0%         N/A       100%        3
 Lesser Beckoning         Tloc           0%         N/A       100%        3
 Mephitic Cloud           Conj/Pois/Air  0%         N/A       100%        3
 Stone Arrow              Conj/Erth      0%         3d7       100%        3
 Teleport Other           Tloc           0%         N/A       100%        3
 Tukima's Dance           Hex            0%         N/A       100%        3
 Vampiric Draining        Necr           0%         2d6       100%        3
 Airstrike                Air            0%         N/A       100%        4
 Animate Armour           Summ/Erth      0%         N/A       100%        4
 Animate Dead             Necr           0%         N/A       100%        4
 Dispel Undead            Necr           0%         3d6       100%        4
 Hailstorm                Conj/Ice       0%         3d3       100%        4
 Ice Form                 Ice/Tmut       0%         N/A       100%        4
 Iskenderun's Mystic Bla  Conj/Tloc      0%         2d3       100%        4
 Olgreb's Toxic Radiance  Pois           0%         N/A       100%        4
 Passage of Golubria      Tloc           0%         N/A       100%        4
 Summon Ice Beast         Ice/Summ       0%         N/A       100%        4
 Summon Lightning Spire   Summ/Air       0%         N/A       100%        4
 Alistair's Intoxication  Tmut/Pois      0%         N/A       100%        5
 Blade Hands              Tmut           0%         N/A       100%        5
 Borgnjor's Vile Clutch   Necr/Erth      0%         N/A       100%        5
 Fireball                 Conj/Fire      0%         3d3       100%        5
 Irradiate                Conj/Tmut      0%         3d13      100%        5
 Lee's Rapid Deconstruct  Erth           0%         3d5*      100%        5
 Lightning Bolt           Conj/Air       0%         1d11      100%        5
 Manifold Assault         Tloc           0%         N/A       100%        5
 Yara's Violent Unravell  Hex/Tmut       0%         3d3       100%        5
 Death Channel            Necr           0%         N/A       100%        6
 Dispersal                Tloc           0%         N/A       100%        6
 Simulacrum               Ice/Necr       0%         N/A       100%        6
 Starburst                Conj/Fire      0%         6d3       100%        6
 Dragon Form              Tmut           0%         N/A       100%        7
 Enfeeble                 Hex            0%         N/A       100%        7
 Haunt                    Necr/Summ      0%         N/A       100%        7
 Ozocubu's Refrigeration  Ice            0%         4d5       100%        7
 Storm Form               Tmut/Air       0%         N/A       100%        7
 Disjunction              Tloc           0%         N/A       100%        8
 Ignition                 Fire           0%         3d3       100%        8
 Lehudib's Crystal Spear  Conj/Erth      0%         10d2      100%        8
 Maxwell's Capacitive Co  Air            0%         ∞         100%        8
 Necromutation            Tmut/Necr      0%         N/A       100%        8


Dungeon Overview and Level Annotations

Branches:
Dungeon (15/15)            Temple (1/1) D:7            Lair (6/6) D:8
  Snake (4/4) Lair:2       Spider (4/4) Lair:3        Slime (0/5) Lair:6
    Orc (2/2) D:10            Elf (3/3) Orc:2        Vaults (5/5) D:13
  Crypt (3/3) Vaults:3       Tomb (0/3) Crypt:3      Depths (4/4) D:15
    Zot (0/5) Depths:4    Ossuary (visited)           IceCv (visited)
 WizLab (visited)

Altars:
Ashenzari
Cheibriados
Dithmenos
Elyvilon
Fedhas
Gozag
Hepliaklqana
Kikubaaqudgha
Makhleb
Nemelex Xobeh
Okawaru
Qazlal
Ru
Sif Muna
Trog
Uskayaw
Vehumet
Wu Jian
Xom
Yredelemnul
Zin
The Shining One
Jiyva
Lugonu

Shops:
D:5 [   Orc:1 !!*[   Orc:2 =!?(   Snake:3 =*?[!(![   Vaults:2 ?   Depths:2 =*

Portals:
Hell: Depths:1 Depths:2 Depths:3 Depths:4
Abyss: Depths:1 Depths:3
Pandemonium: Depths:2
Ziggurat: Depths:2

Annotations:
Lair:2 1 runed translucent door, StanTheBootyMan's ghost, journeyman DsBe
Orc:2 2 runed translucent doors, exclusion: orange crystal statue
Elf:2 5 runed translucent doors


Innate Abilities, Weirdness & Mutations

You have a pair of horns on your head.
You reflexively headbutt those who attack you in melee.
You have a somewhat thin skeletal structure. (Dex +2, Stealth+)


Message History

The black draconian knight misses you.
You block the purple draconian shifter's attack.
You take 2 damage, and have 77/240 hp.
You barely miss the black draconian knight.
The black draconian knight blocks your attack.
The black draconian knight is moderately wounded.
You slash the black draconian knight!
You hit the purple draconian shifter but do no damage.
The black draconian knight is lost in a daze.
The black draconian knight hits you with a +3 long sword!
* * * LOW HITPOINT WARNING * * *
You take 7 damage, and have 70/240 hp.
You barely miss the black draconian knight.
You headbutt the black draconian knight.
The black draconian knight is moderately wounded.
You miss the purple draconian shifter. You slash the black draconian knight!
The purple draconian shifter mumbles some strange words.
The purple draconian shifter blinks!
The black draconian knight gestures at you while chanting.
The bolt of cold hits you! You resist.
* * * LOW HITPOINT WARNING * * *
The black draconian knight gestures at you while chanting.
You block the shard of ice.
You take 11 damage, and have 59/240 hp.
You slice the black draconian knight!!
The black draconian knight blocks your attack.
The black draconian knight is severely wounded.
You slash the black draconian knight!
The black draconian knight breathes lightning at you.
The bolt of lightning hits you!!
* * * LOW HITPOINT WARNING * * *
The bolt of lightning hits you!!
* * * LOW HITPOINT WARNING * * *
You block the black draconian knight's attack.
You take 51 damage, and have 8/240 hp.
MASSIVE DAMAGE!!
Activating: Sanctuary (9% risk of failure)
Press: ? - help, Dir - look around, f - activate You fail to use your ability.
The black draconian knight hits you with a +6 great sword of flaming!
You die...

######
##....##
#......#
#).@...#
##qq...+
#..q...#
##....##
##.###
... ...
....


You could see 2 draconians and a purple draconian shifter.

Vanquished Creatures
  4 dread liches
  2 juggernauts (Depths:4)
  Sojobo (Arena)
  Bai Suzhen (Vaults:2)
  A curse toe (Crypt:3)
  Jory (Vaults:4)
  Nikola (Vaults:2)
  A Hellbinder (WizLab)
  A bone dragon (Depths:4)
  Arachne (Spider:3)
  4 tentacled monstrosities
  A walking earthen tome (Depths:3)
  6 deep elf blademasters
  5 liches
  Asterion (Vaults:3)
  7 deep elf master archers
  2 walking divine tomes (Depths:3)
  2 quicksilver dragons
  13 titans
  6 sphinxes
  4 ancient champions
  3 tentacled starspawn
  4 shadow dragons
  8 tengu reavers
  10 nagarajas
  25 frost giants
  4 storm dragons
  A daeva (Abyss:3)
  21 fire giants
  4 iron dragons
  2 revenants
  11 deep elf sorcerers
  Louise (Depths:3)
  A ghost moth (Spider:4)
  21 vault wardens
  Aizul (Snake:3)
  A balrug (WizLab)
  6 emperor scorpions
  An orc warlord (Vaults:2)
  8 ghouls
  A draconian scorcher (Depths:4)
  A deep elf elementalist (Elf:3)
  A caustic shrike zombie (Crypt:2)
  24 ironbound preservers
  2 reapers
  4 curse skulls
  2 draconian stormcallers (Depths:4)
  A juggernaut zombie (Crypt:3)
  4 war gargoyles
  21 stone giants
  A caustic shrike skeleton (Crypt:2)
  3 broodmothers
  18 vampire knights
  28 very ugly things
  4 ironbound thunderhulks
  A starcursed mass (Abyss:1)
  7 deep elf demonologists
  An entropy weaver (shapeshifter) (Vaults:5)
  A demonspawn black sun (WizLab)
  Nessos (Arena)
  13 deep elf annihilators (Elf:3)
  A yellow draconian (Depths:4)
  13 spark wasps
  2 red draconians (Depths:4)
  A black draconian (Depths:4)
  2 entropy weavers
  3 purple draconians
  Azrael (D:14)
  19 dire elephants
  A blizzard demon (WizLab)
  6 deep elf death magi
  3 white draconians
  17 ettins
  2 green deaths (WizLab)
  14 jiangshi
  4 eidola
  7 fire dragons
  4 crystal guardians
  10 yaktaur captains
  6 deep elf high priests
  10 great orbs of eyes
  A spriggan zombie (Crypt:2)
  A fenstrider witch zombie (Crypt:2)
  6 ogre magi
  4 spriggan air magi
  3 jorogumos (Spider:4)
  A hell beast (Depths:4)
  33 vault guards
  6 hydras
  12 boulder beetles
  A rakshasa (Depths:3)
  A catoblepas (shapeshifter) (Vaults:4)
  A catoblepas (Lair:6)
  3 salamander tyrants
  Harold (D:7)
  5 ironbound frosthearts
  A radroach (Spider:2)
  3 peacekeepers
  A spriggan skeleton (Crypt:3)
  7 ice dragons
  17 naga warriors
  5 death knights
  10 anacondas
  2 anacondas (shapeshifter) (Vaults:5)
  11 centaur warriors
  2 fenstrider witch skeletons (Crypt:2)
  18 dancing weapons
  7 tengu warriors
  8 death scarabs (Spider:4)
  A hell hog (Depths:4)
  20 two-headed ogres
  7 death yaks
  4 deep troll shamans
  3 orc high priests (Orc:2)
  7 spriggan berserkers
  A titan zombie (Crypt:2)
  4 deep troll earth magi
  4 thrashing horrors (Abyss:3)
  7 vampire magi
  9 naga sharpshooters
  A spectral emperor scorpion (Spider:4)
  7 shock serpents
  6 soul eaters
  2 sixfirhies (WizLab)
  23 deep elf knights
  A sun demon (WizLab)
  An emperor scorpion zombie (Crypt:2)
  6 iron trolls
  A wretched star (Abyss:3)
  2 salamander mystics
  3 pharaoh ants
  A storm dragon zombie (Crypt:3)
  6 shadow wraiths
  A titan skeleton (Crypt:3)
  66 deep trolls
  27 skeletal warriors
  A glowing orange brain (shapeshifter) (Depths:3)
  26 deep elf archers
  6 orb spiders
  A spectral hydra (Crypt:3)
  A glowing orange brain (Abyss:3)
  5 sea snakes (Snake:4)
  2 shadow demons
  11 flayed ghosts
  A quicksilver dragon simulacrum (Depths:4)
  5 steelbarb worms
  A golden dragon skeleton (Crypt:1)
  A bog body (Crypt:3)
  15 naga ritualists
  10 phantasmal warriors
  10 harpies
  2 wolf spider zombies (Spider:4)
  30 deep elf pyromancers
  15 lindwurms
  13 wizards
  23 ironbound convokers
  2 lindwurms (shapeshifter)
  10 orc knights
  19 wolf spiders
  A bunyip skeleton (Crypt:2)
  20 deep elf zephyrmancers
  3 spectral wolf spiders (Spider:4)
  14 mana vipers
  8 cyclopes
  2 necromancers
  4 manticores
  9 orc sorcerers
  An iron dragon zombie (Crypt:2)
  45 ugly things
  2 large abominations (Abyss:3)
  A draconian (Abyss:3)
  4 moths of wrath
  18 salamanders
  A worldbinder (Abyss:2)
  A will-o-the-wisp (Abyss:3)
  An iron dragon skeleton (Crypt:2)
  6 elephants
  A fire giant skeleton (Crypt:3)
  41 black mambas
  11 guardian serpents
  2 naga zombies
  Joseph (D:10)
  3 torpor snails
  An ice statue (IceCv)
  15 cane toads
  3 orange demons (WizLab)
  15 naga magi
  22 vault sentinels
  An alligator snapping turtle zombie (Crypt:2)
  2 gargoyles
  An alligator snapping turtle skeleton (Crypt:2)
  A smoke demon (WizLab)
  Maggie (D:6)
  2 kobold demonologists
  A hellion (WizLab)
  An unseen horror (D:11)
  A spectral redback (Spider:4)
  9 freezing wraiths
  10 komodo dragons
  23 yaktaurs
  7 demonic crawlers
  A redback zombie (Spider:4)
  4 rime drakes
  A rime drake (shapeshifter) (Elf:1)
  3 tormentors (WizLab)
  An entropy weaver simulacrum (IceCv)
  5 ice devils
  3 red devils (WizLab)
  5 tengu conjurers
  A sea snake skeleton (Crypt:3)
  2 anaconda simulacra (IceCv)
  3 trolls
  A hydra zombie (Crypt:2)
  3 ancient zymes
  A queen bee (Lair:4)
  A pale draconian skeleton (Crypt:1)
  A wolf spider simulacrum (D:15)
  A polar bear (Lair:3)
  A raiju (Abyss:3)
  14 meliai
  5 spectral jumping spiders (Spider:4)
  12 slime creatures
  11 hornets
  22 tarantellas
  A tyrant leech (shapeshifter) (Vaults:5)
  3 harpy skeletons (Crypt:2)
  Prince Ribbit (D:5)
  2 spectral tarantellas (Spider:4)
  A boulder beetle zombie (Crypt:2)
  25 blink frogs
  11 dream sheep
  3 jumping spider zombies (Spider:4)
  A tarantella zombie (Spider:4)
  2 spriggans (Depths:4)
  21 jumping spiders
  4 water elementals
  5 air elementals
  5 flying skulls
  10 wraiths
  Sigmund (D:2)
  A vampire (D:10)
  19 culicivoras
  2 wyverns
  2 centaur simulacra (D:15)
  A ynoxinul (Abyss:1)
  3 shadows (D:10)
  13 fire elementals
  73 yaks
  3 dire elephant simulacra (IceCv)
  3 fire bats (Abyss:1)
  A steam dragon (D:8)
  14 vampire mosquitoes
  4 neqoxecs
  4 basilisks
  3 death yak simulacra
  A chaos spawn (WizLab)
  47 redbacks
  A swamp worm (Spider:2)
  A two-headed ogre zombie (Crypt:2)
  3 wargs
  2 harpy simulacra (IceCv)
  46 nagas
  An acid dragon (D:7)
  21 water moccasins
  Duvessa (D:7)
  A merfolk skeleton (Crypt:3)
  3 spectral hornets (Spider:4)
  25 orc warriors
  5 necrophages
  2 ice beasts
  A hornet zombie (Spider:4)
  4 boggarts
  An elephant zombie (Crypt:2)
  5 ogres
  A snapping turtle skeleton (Crypt:1)
  8 centaurs
  16 wolves
  A torpor snail zombie (Crypt:3)
  3 kobold brigands
  11 bullfrogs
  A palentonga zombie (Crypt:3)
  A yaktaur zombie (Crypt:3)
  A gnoll sergeant (D:7)
  A cane toad simulacrum (Lair:6)
  6 earth elementals
  A komodo dragon skeleton (Crypt:1)
  4 two-headed ogre simulacra (IceCv)
  A scorpion (D:6)
  A hornet simulacrum (D:15)
  2 water moccasin skeletons
  Dowan (D:7)
  A polar bear zombie (Crypt:1)
  2 troll zombies (D:10)
  An elephant simulacrum (IceCv)
  A small abomination (Abyss:3)
  2 troll skeletons
  38 killer bees
  A raiju zombie (Crypt:2)
  A wight (Vaults:3)
  2 vampire bats (D:8)
  2 electric eels (D:7)
  6 howler monkeys
  8 centaur zombies
  A human zombie (Ossuary)
  3 centaur skeletons
  2 hounds
  2 jellies (D:6)
  16 orc priests
  An iron imp (Abyss:3)
  Jessica (D:3)
  Ijyb (D:5)
  3 iguanas
  An iguana (shapeshifter) (Vaults:5)
  20 orc wizards
  A hell rat (Lair:6)
  5 spriggan simulacra (IceCv)
  9 troll simulacra (IceCv)
  2 polar bear simulacra (IceCv)
  2 killer bee zombies
  2 wolf simulacra (IceCv)
  6 ogre zombies (D:10)
  2 mummies (Ossuary)
  5 gnolls (D:7)
  2 howler monkey zombies
  3 adders
  6 naga simulacra (IceCv)
  A swamp drake skeleton (Crypt:3)
  A shadow imp (D:7)
  8 white imps
  7 ufetubi
  A worm zombie (Crypt:3)
  An adder skeleton (Crypt:1)
  47 orcs
  10 bats
  2 endoplasms
  2 giant cockroaches (D:1)
  9 goblins
  5 hobgoblins
  5 jackals
  2 quokkas
  3 ball pythons
  3 frilled lizards
  4 goblin skeletons (D:10)
  7 goblin zombies
  2 hobgoblin skeletons (D:10)
  12 hobgoblin zombies
  A jackal zombie (Ossuary)
  21 kobolds
  A kobold skeleton (Crypt:3)
  9 kobold zombies (Ossuary)
  An orc skeleton (D:10)
  20 orc zombies
  22 rats
  2 rat zombies (Ossuary)
  2 starspawn tentacles (Abyss:3)
2328 creatures vanquished.

Vanquished Creatures (collateral kills)
  A lich (Crypt:3)
  A deep elf blademaster (Crypt:3)
  An ancient champion (Crypt:3)
  A revenant (Crypt:2)
  A fire giant (Crypt:2)
  3 vampire knights (Crypt:2)
  A green draconian (Crypt:3)
  2 jiangshi (Crypt:2)
  A spriggan skeleton (Crypt:2)
  A deep elf knight (Crypt:3)
  7 skeletal warriors (Crypt:2)
  A bunyip skeleton (Crypt:2)
  A flayed ghost (Crypt:2)
  A phantasmal warrior (Crypt:2)
  A goliath frog zombie (Crypt:2)
  A dire elephant zombie (Crypt:2)
  An iron dragon skeleton (Crypt:2)
  A hydra skeleton (Crypt:2)
  A flying skull (Crypt:2)
  2 wraiths (Crypt:2)
  A demonspawn zombie (Crypt:2)
31 creatures vanquished.

Vanquished Creatures (others)
  An eidolon (Crypt:3)
  An orc wizard (Vaults:5)
  2 foxfires (Abyss:3)
  46 fungi
  46 plants
  7 starspawn tentacles
  7 withered plants (Crypt:3)
110 creatures vanquished.

Grand Total: 2469 creatures vanquished

Notes
Turn   | Place    | Note
-------+----------+-------------------------------------------
     0 | D:1      | backslashecho the Minotaur Fighter began the quest for the
                  | Orb.
     0 | D:1      | Reached XP level 1. HP: 19/19 MP: 0/0
   115 | D:1      | Reached XP level 2. HP: 27/27 MP: 1/1
   156 | D:1      | Found a faded altar of an unknown god.
   374 | D:1      | Reached skill level 1 in Unarmed Combat
   575 | D:2      | Reached XP level 3. HP: 32/33 MP: 2/2
   617 | D:2      | Reached skill level 4 in Shields
   683 | D:2      | Noticed Sigmund
   701 | D:2      | Killed Sigmund
   702 | D:2      | Reached skill level 5 in Axes
   702 | D:2      | Reached XP level 4. HP: 35/41 MP: 3/3
   702 | D:2      | Reached XP level 5. HP: 40/47 MP: 4/4
  1368 | D:3      | Reached skill level 5 in Fighting
  1430 | D:3      | Noticed Jessica
  1438 | D:3      | Killed Jessica
  1707 | D:3      | Found a white marble altar of Elyvilon.
  2501 | D:4      | Reached XP level 6. HP: 56/56 MP: 5/5
  2597 | D:4      | Found a sand-covered staircase.
  2601 | Ossuary  | Entered an ossuary
  3389 | D:5      | Entered Level 5 of the Dungeon
  3518 | D:5      | Noticed Prince Ribbit
  3591 | D:5      | Noticed an ice beast
  3600 | D:5      | Killed an ice beast
  3601 | D:5      | Reached XP level 7. HP: 63/63 MP: 6/6
  3622 | D:5      | Found Bastirus's Antique Armour Shoppe.
  3630 | D:5      | Bought a pair of embroidered gloves for 210 gold pieces
  3775 | D:5      | Noticed Ijyb
  3794 | D:5      | Killed Ijyb
  3894 | D:5      | Found a hazy altar of Hepliaklqana.
  4146 | D:5      | Found a glowing silver altar of Zin.
  4155 | D:5      | Found a sacrificial altar of Ru.
  4476 | D:5      | Killed Prince Ribbit
  4477 | D:5      | Reached XP level 8. HP: 73/73 MP: 7/7
  4728 | D:6      | Identified the +0 ring mail of the Spider Nest {rF+}
  4929 | D:6      | Reached skill level 10 in Axes
  5711 | D:7      | Noticed Maggie
  5776 | D:6      | Killed Maggie
  5777 | D:6      | Reached XP level 9. HP: 54/82 MP: 8/8
  5917 | D:7      | Noticed Dowan
  5918 | D:7      | Noticed Duvessa
  5924 | D:7      | Killed Duvessa
  5934 | D:7      | Killed Dowan
  5935 | D:7      | Reached skill level 1 in Dodging
  5948 | D:7      | Found a shimmering blue altar of Sif Muna.
  6455 | D:7      | Found a staircase to the Ecumenical Temple.
  6470 | Temple   | Entered the Ecumenical Temple
  6534 | Temple   | Became a worshipper of Warmaster Okawaru
  6602 | D:7      | Noticed Harold
  6829 | D:7      | Killed Harold
  7288 | D:7      | Reached * piety under Okawaru
  7573 | D:8      | Reached XP level 10. HP: 82/91 MP: 11/11
  8005 | D:8      | Reached skill level 5 in Armour
  8029 | D:8      | Reached ** piety under Okawaru
  8125 | D:8      | Found an ancient bone altar of Kikubaaqudgha.
  8217 | D:8      | Found a staircase to the Lair.
  8506 | D:9      | Noticed a two-headed ogre
  8513 | D:9      | Killed a two-headed ogre
  8600 | D:9      | Identified a scroll of acquirement
  8600 | D:9      | Acquired 1180 gold pieces
  8601 | D:9      | Noticed a deep elf pyromancer
  8624 | D:9      | Killed a deep elf pyromancer
  8818 | D:9      | Reached skill level 15 in Axes
  8934 | D:9      | Reached *** piety under Okawaru
  8938 | D:9      | Reached skill level 5 in Invocations
  9049 | D:5      | Bought a pair of runed boots for 210 gold pieces
  9152 | D:9      | Found a sparkling altar of Nemelex Xobeh.
  9451 | D:9      | Found a shadowy altar of Dithmenos.
  9454 | D:9      | Found a snail-covered altar of Cheibriados.
  9454 | D:9      | Found a radiant altar of Vehumet.
  9461 | D:9      | Found an ornate altar of the Wu Jian Council.
  9476 | D:9      | Found a bloodstained altar of Trog.
  9599 | D:10     | Entered Level 10 of the Dungeon
  9769 | D:10     | Noticed Joseph
  9786 | D:10     | Killed Joseph
  9787 | D:10     | Reached XP level 11. HP: 95/97 MP: 12/14
  9950 | D:10     | Found a staircase to the Orcish Mines.
  9968 | D:10     | Reached **** piety under Okawaru
 10578 | Lair:1   | Entered Level 1 of the Lair of Beasts
 10977 | Lair:1   | Reached ***** piety under Okawaru
 11261 | Lair:1   | Noticed a four-headed hydra
 11271 | Lair:1   | Killed a four-headed hydra
 11373 | Lair:1   | Received a gift from Okawaru
 11629 | Lair:2   | Reached XP level 12. HP: 101/104 MP: 16/16
 11920 | Lair:2   | Received a gift from Okawaru
 12013 | Lair:2   | Found a staircase to the Snake Pit.
 12158 | Lair:2   | Noticed an eight-headed hydra
 12166 | Lair:2   | Killed an eight-headed hydra
 12301 | Lair:2   | Found a runed translucent door.
 12302 | Lair:2   | Noticed StanTheBootyMan's ghost (journeyman DsBe)
 12302 | Lair:2   | Noticed a five-headed hydra
 12420 | Lair:2   | Reached skill level 10 in Fighting
 13372 | Lair:3   | Found a hole to the Spider Nest.
 14129 | Lair:4   | Received a gift from Okawaru
 14673 | Lair:4   | Reached skill level 10 in Invocations
 14759 | Lair:4   | Noticed a six-headed hydra
 14767 | Lair:4   | Killed a six-headed hydra
 14915 | Lair:4   | Reached XP level 13. HP: 87/118 MP: 19/19
 15075 | Lair:4   | Identified the ring of Yqaakk {*Slow rPois Will++ rCorr
                  | Slay+2}
 15077 | Lair:4   | You fall into a shaft and drop 2 floors!
 15077 | Lair:6   | Entered Level 6 of the Lair of Beasts
 15157 | Lair:6   | Reached skill level 10 in Armour
 15243 | Lair:6   | Found a frozen archway.
 15266 | IceCv    | Entered an ice cave
 17078 | IceCv    | Noticed a reaper
 17095 | IceCv    | Killed a reaper
 17095 | IceCv    | Received a gift from Okawaru
 17817 | Lair:5   | Reached skill level 5 in Shields
 18541 | Lair:5   | Reached skill level 6 in Shields
 18926 | Lair:5   | Reached skill level 1 in Evocations
 18965 | Lair:5   | Reached skill level 7 in Shields
 19268 | Lair:5   | Reached skill level 8 in Shields
 19268 | Lair:5   | Reached XP level 14. HP: 107/126 MP: 22/22
 19276 | Lair:5   | Received a gift from Okawaru
 19593 | Lair:6   | Found a staircase to the Slime Pits.
 19593 | Lair:6   | Found a viscous altar of Jiyva.
 19889 | Lair:6   | Reached skill level 9 in Shields
 20194 | Lair:6   | Reached skill level 10 in Shields
 20710 | D:11     | Received a gift from Okawaru
 20948 | D:11     | Found a broken altar of Ashenzari.
 20997 | D:11     | Reached skill level 11 in Shields
 22257 | D:12     | Reached skill level 5 in Evocations
 22766 | Orc:1    | Entered Level 1 of the Orcish Mines
 22957 | Orc:1    | Found Jeusol's Distillery.
 22991 | Orc:1    | Found Bifelymiu's Distillery.
 23117 | Orc:2    | Entered Level 2 of the Orcish Mines
 23386 | Orc:1    | Found Omoojiuch's Antique Armour Emporium.
 23480 | Orc:1    | Found Meutsafe's General Store.
 23574 | Orc:2    | Found a runed translucent door.
 23621 | Orc:2    | Identified the +1 tower shield of Modern Surprise {rElec
                  | rC- Str+2 Int+4} (Okawaru gifted it to you on level 2 of
                  | the Orcish Mines)
 23621 | Orc:2    | Received a gift from Okawaru
 23650 | Orc:2    | Found the +10 tower shield of Ignorance {rN+ Int-4}
 23673 | Orc:2    | Found a runed translucent door.
 23782 | Orc:2    | Found a staircase to the Elven Halls.
 24107 | Orc:2    | Paralysed by an orc sorcerer for 4 turns
 24108 | Orc:2    | Reached skill level 12 in Shields
 24122 | Orc:2    | Paralysed by an orc sorcerer for 4 turns
 24967 | Orc:2    | Found Ivuowoas's Distillery.
 24967 | Orc:2    | Found Yruew's Jewellery Boutique.
 24968 | Orc:2    | Found Yceydesm's Weapon Shoppe.
 24968 | Orc:2    | Found Hoavuemi's Magic Scroll Shoppe.
 25085 | Orc:1    | Bought a pair of runed boots for 225 gold pieces
 25407 | D:13     | Found a gate to the Vaults.
 25473 | D:13     | Reached skill level 13 in Shields
 25473 | D:13     | Reached XP level 15. HP: 134/134 MP: 23/23
 25491 | D:13     | Noticed Nessos
 25498 | Arena    | Entered the Arena
 25523 | Arena    | Killed Nessos
 25888 | D:13     | Found a hide-covered altar of Uskayaw.
 26709 | D:14     | Reached skill level 14 in Shields
 26735 | D:14     | Received a gift from Okawaru
 26837 | D:14     | Reached ****** piety under Okawaru
 26933 | D:14     | Received a gift from Okawaru
 26995 | D:14     | Identified the +0 cloak of Nihilism {Will+} (Okawaru gifted
                  | it to you on level 14 of the Dungeon)
 26995 | D:14     | Received a gift from Okawaru
 27057 | D:14     | Identified the ring "Rereh Mui" {rElec rC+ MP+9}
 27096 | D:14     | Identified the ring of the Establishment {rF+ Str+3 SInv}
 27099 | D:14     | Identified the amulet "Uhiaheyh" {Acrobat rF+ rN+ Regen+
                  | Stlth-}
 27106 | D:14     | Identified the ring of Feonio {Wiz Int+4}
 27669 | D:14     | Noticed Azrael
 27679 | D:14     | Killed Azrael
 27680 | D:14     | Reached skill level 15 in Shields
 27783 | D:15     | Entered Level 15 of the Dungeon
 28510 | D:15     | Found a staircase to the Depths.
 28922 | D:15     | Reached skill level 16 in Shields
 29347 | Snake:1  | Entered Level 1 of the Snake Pit
 29376 | Snake:1  | Received a gift from Okawaru
 29377 | Snake:1  | Reached XP level 16. HP: 147/147 MP: 24/24
 29696 | Snake:1  | Identified the +11 bardiche of Weojom {vorpal, Fly rPois}
                  | (Okawaru gifted it to you on level 1 of the Snake Pit)
 29696 | Snake:1  | Received a gift from Okawaru
 29700 | Snake:1  | Reached skill level 15 in Fighting
 29700 | Snake:1  | Reached skill level 17 in Shields
 31014 | Snake:2  | Reached skill level 18 in Shields
 31034 | Snake:2  | Identified the +1 hat "Eluofi" {+Blink rCorr}
 31103 | Snake:2  | Identified the +7 war axe of Poibbi {flame, rPois rF- Will+
                  | SInv Stlth+} (Okawaru gifted it to you on level 2 of the
                  | Snake Pit)
 31103 | Snake:2  | Received a gift from Okawaru
 31574 | Snake:3  | Reached skill level 19 in Shields
 31723 | Snake:3  | Found Datsaus's Distillery.
 31941 | Orc:1    | Bought a scroll of teleportation for 42 gold pieces
 31941 | Orc:1    | Bought a scroll of fog for 28 gold pieces
 31984 | Orc:1    | Bought a potion of curing for 45 gold pieces
 31984 | Orc:1    | Bought a potion of haste for 150 gold pieces
 31984 | Orc:1    | Bought a potion of heal wounds for 75 gold pieces
 31984 | Orc:1    | Bought a potion of curing for 45 gold pieces
 31984 | Orc:1    | Bought a potion of curing for 45 gold pieces
 31996 | Orc:1    | Bought a potion of heal wounds for 80 gold pieces
 31996 | Orc:1    | Bought a potion of heal wounds for 80 gold pieces
 31996 | Orc:1    | Bought a potion of heal wounds for 80 gold pieces
 32382 | Snake:3  | Noticed Aizul
 32398 | Snake:3  | Killed Aizul
 32411 | Snake:3  | Bought a potion of haste for 150 gold pieces
 32411 | Snake:3  | Bought a potion of haste for 150 gold pieces
 32411 | Snake:3  | Bought a potion of might for 60 gold pieces
 32411 | Snake:3  | Bought a potion of curing for 45 gold pieces
 32411 | Snake:3  | Bought 2 potions of might for 120 gold pieces
 32530 | Snake:3  | Found Huvas's Antique Weapon Emporium.
 32822 | Snake:3  | Found Bysog's Antique Armour Shoppe.
 32840 | Snake:3  | Reached skill level 5 in Dodging
 32860 | Snake:3  | Bought a glowing chain mail for 150 gold pieces
 32903 | Snake:3  | Found Jiasuged's Distillery.
 32916 | Snake:3  | Bought a potion of ambrosia for 128 gold pieces
 32916 | Snake:3  | Bought a potion of curing for 48 gold pieces
 32916 | Snake:3  | Bought a potion of heal wounds for 80 gold pieces
 32916 | Snake:3  | Bought a potion of cancellation for 128 gold pieces
 32916 | Snake:3  | Bought a potion of curing for 48 gold pieces
 32987 | Snake:3  | Received a gift from Okawaru
 33009 | Snake:3  | Found Fixeipt's Armour Shop.
 33011 | Snake:3  | Found Hoetrav's Assorted Antiques.
 33042 | Snake:3  | Found Viro's Jewellery Boutique.
 33048 | Snake:3  | Found Ryigum's Magic Scroll Emporium.
 33059 | Snake:3  | Bought a scroll of blinking for 150 gold pieces
 33077 | Snake:3  | Bought an ancient plate armour for 1064 gold pieces
 33077 | Snake:3  | Identified the +9 plate armour "Icam" {rC++} (You bought it
                  | in a shop on level 3 of the Snake Pit)
 33077 | Snake:3  | Bought a potion of heal wounds for 190 gold pieces
 33099 | Snake:3  | Bought a +0 pair of boots of flying for 230 gold pieces
 33296 | Snake:4  | Entered Level 4 of the Snake Pit
 33354 | Snake:3  | Reached skill level 20 in Shields
 33420 | Snake:4  | Reached XP level 17. HP: 141/156 MP: 25/25
 33996 | Snake:3  | Reached skill level 21 in Shields
 34157 | Snake:4  | Received a gift from Okawaru
 34407 | Snake:4  | Received a gift from Okawaru
 35552 | Snake:4  | Reached skill level 22 in Shields
 35834 | Snake:4  | Identified the +1 robe of Weni {Harm rCorr Slay-4} (Okawaru
                  | gifted it to you on level 4 of the Snake Pit)
 35834 | Snake:4  | Received a gift from Okawaru
 35992 | Snake:4  | Got a serpentine rune of Zot
 36198 | Lair:3   | Upgraded the game from 0.28-a0-1382-g92835e5c71 to
                  | 0.28-a0-1387-g3a22ab9bdc
 36200 | Spider:1 | Entered Level 1 of the Spider Nest
 36555 | Spider:1 | Reached skill level 23 in Shields
 36875 | Spider:1 | Reached skill level 1 in Throwing
 37309 | Spider:2 | Reached XP level 18. HP: 163/163 MP: 26/26
 37873 | Spider:2 | Identified the +8 broad axe of Moderation {venom, rF- Int+3
                  | Dex+2} (Okawaru gifted it to you on level 2 of the Spider
                  | Nest)
 37873 | Spider:2 | Received a gift from Okawaru
 38187 | Spider:3 | Noticed Arachne
 38204 | Spider:3 | Killed Arachne
 38859 | Spider:4 | Entered Level 4 of the Spider Nest
 39007 | Spider:4 | Reached skill level 24 in Shields
 39009 | Spider:4 | Identified the +7 crystal plate armour of Okawaru's
                  | Supremacy {+Blink rF+} (Okawaru gifted it to you on level 4
                  | of the Spider Nest)
 39009 | Spider:4 | Received a gift from Okawaru
 39023 | Spider:4 | Got a gossamer rune of Zot
 39278 | Spider:4 | Reached skill level 5 in Throwing
 39835 | Spider:4 | Paralysed by a jorogumo for 2 turns
 39973 | Arena    | Entered the Arena
 40149 | Spider:4 | Identified the +1 ring mail "Motumitwat" {rF- rC+++ Int+2}
                  | (Okawaru gifted it to you on level 4 of the Spider Nest)
 40149 | Spider:4 | Received a gift from Okawaru
 40748 | Vaults:1 | Entered Level 1 of the Vaults
 40970 | Vaults:1 | Reached XP level 19. HP: 174/174 MP: 27/27
 41057 | Vaults:1 | Reached skill level 25 in Shields
 41293 | Vaults:1 | You are sucked into a shaft and drop 1 floor!
 41462 | Vaults:2 | Noticed Bai Suzhen
 41491 | Vaults:2 | Killed Bai Suzhen
 41571 | Vaults:2 | Found Cuatoski's Magic Scroll Shoppe.
 41586 | Vaults:2 | Bought a scroll of teleportation for 33 gold pieces
 41586 | Vaults:2 | Bought a scroll of blinking for 82 gold pieces
 41586 | Vaults:2 | Bought a scroll of teleportation for 33 gold pieces
 41586 | Vaults:2 | Bought a scroll of teleportation for 33 gold pieces
 41630 | Vaults:2 | Identified the +7 war axe "Zeucku" {chaos, Int+5} (Okawaru
                  | gifted it to you on level 2 of the Vaults)
 41630 | Vaults:2 | Received a gift from Okawaru
 41766 | Vaults:2 | Noticed Nikola
 41800 | Vaults:2 | Killed Nikola
 41801 | Vaults:2 | Reached skill level 10 in Evocations
 42018 | Vaults:2 | Received a gift from Okawaru
 42100 | Vaults:2 | Identified the +5 ring mail of Limitation {Int+3 Stlth+}
                  | (Okawaru gifted it to you on level 2 of the Vaults)
 42100 | Vaults:2 | Received a gift from Okawaru
 42226 | Vaults:2 | Identified the +5 scythe of Instinct {vorpal, Fly rPois
                  | rN++ Int-4}
 42406 | Vaults:2 | Reached skill level 15 in Armour
 43460 | Vaults:1 | Reached XP level 20. HP: 180/182 MP: 28/28
 44195 | Vaults:3 | Noticed Asterion
 44205 | Vaults:3 | Killed Asterion
 44252 | Vaults:3 | Received a gift from Okawaru
 44521 | Vaults:3 | Found a staircase to the Crypt.
 45068 | Vaults:4 | Received a gift from Okawaru
 45494 | Vaults:4 | Received a gift from Okawaru
 45598 | Vaults:4 | Noticed Jory
 45621 | Vaults:4 | Killed Jory
 45789 | Vaults:4 | Reached skill level 10 in Throwing
 45789 | Vaults:4 | Reached XP level 21. HP: 153/194 MP: 29/29
 46861 | Elf:1    | Entered Level 1 of the Elven Halls
 46969 | Elf:1    | Paralysed by an air elemental for 1 turns
 47000 | Elf:1    | Received a gift from Okawaru
 47384 | Elf:1    | Received a gift from Okawaru
 47411 | Elf:1    | Paralysed by an air elemental for 1 turns
 48298 | Elf:2    | Identified the ring of Darkness {rF+ EV+4 Str+4}
 48335 | Elf:2    | Received a gift from Okawaru
 48535 | Elf:2    | Found a huge runed translucent gate.
 48535 | Elf:2    | Found a huge runed translucent gate.
 48536 | Elf:2    | Found a huge runed translucent gate.
 48541 | Elf:2    | Found a huge runed translucent gate.
 48541 | Elf:2    | Found a huge runed translucent gate.
 48598 | Elf:2    | Received a gift from Okawaru
 49052 | Elf:3    | Entered Level 3 of the Elven Halls
 49163 | Elf:3    | Found a portal to a secret trove of treasure.
 49724 | Elf:3    | Identified the ring of Etek {rPois Str+3}
 49783 | Elf:3    | Found the +2 cloak of the Thief {*Fog Slay-2 SInv Stlth+}
 49784 | Elf:3    | Identified the +8 scythe of Ukkupsur {flame, Drain Fly
                  | rElec Will++}
 49784 | Elf:3    | Identified the ring "Rozelac" {rPois AC+4 Int+4 Stlth+}
 49794 | Elf:3    | Identified the ring of Pask {rElec rPois}
 50060 | Elf:3    | Paralysed by an air elemental for 1 turns
 50793 | Depths:1 | Entered Level 1 of the Depths
 50837 | Depths:1 | Reached XP level 22. HP: 174/207 MP: 30/30
 50926 | Depths:1 | Found a corrupted altar of Lugonu.
 51127 | Depths:1 | Received a gift from Okawaru
 51243 | Depths:1 | Found a gateway to Hell.
 51342 | Depths:1 | Received a gift from Okawaru
 51375 | Depths:1 | Found a one-way gate to the infinite horrors of the Abyss.
 51412 | Depths:1 | You are sucked into a shaft and drop 1 floor!
 51441 | Depths:2 | Found Vuchug's Assorted Antiques.
 51444 | Depths:2 | Bought a potion of curing for 87 gold pieces
 51444 | Depths:2 | Bought a potion of curing for 87 gold pieces
 51444 | Depths:2 | Bought a wand of paralysis (7) for 58 gold pieces
 51452 | Depths:2 | Found a one-way gate leading to the halls of Pandemonium.
 51479 | Depths:2 | Found a magical portal.
 51488 | WizLab   | Entered The Hall of the Hellbinder
 51548 | WizLab   | Gained mutation: You tend to lose your temper in combat. [a
                  | neqoxec]
 51588 | WizLab   | Gained mutation: You are partially covered in iridescent
                  | scales. (AC +2) [a neqoxec]
 51779 | WizLab   | Lost mutation: You are partially covered in iridescent
                  | scales. (AC +2) [potion of mutation]
 51779 | WizLab   | Lost mutation: You tend to lose your temper in combat.
                  | [potion of mutation]
 51779 | WizLab   | Gained mutation: You have a somewhat thin skeletal
                  | structure. (Dex +2, Stealth+) [potion of mutation]
 51942 | WizLab   | Identified the ring of Monotheism {Fly Dex+3}
 51948 | WizLab   | Found a burning altar of Makhleb.
 51951 | WizLab   | Found the ring of the Mage {Wiz Archmagi}
 51975 | WizLab   | Identified the ring "Mecluogh" {rF- rC+ rN+ Int+6}
 52003 | WizLab   | Identified the ring of Yesterday {rF+ Will++}
 52461 | Depths:2 | Identified the +2 hat "Fiemo" {rC+ Will+ rCorr} (Okawaru
                  | gifted it to you on level 2 of the Depths)
 52461 | Depths:2 | Received a gift from Okawaru
 52478 | Depths:2 | Found Ityt's Jewellery Shoppe.
 53301 | Depths:2 | Found a one-way gateway to a ziggurat.
 53411 | Depths:2 | Upgraded the game from 0.28-a0-1387-g3a22ab9bdc to
                  | 0.28-a0-1389-gc726bef33b
 53541 | Depths:3 | Noticed Sojobo
 53546 | Depths:3 | Paralysed by an air elemental for 1 turns
 53548 | Arena    | Entered the Arena
 53552 | Arena    | Paralysed by an air elemental for 1 turns
 53555 | Arena    | Paralysed by an air elemental for 1 turns
 53563 | Arena    | Paralysed by an air elemental for 1 turns
 53572 | Arena    | Killed Sojobo
 54342 | Depths:3 | Found a runed translucent door.
 54560 | Depths:3 | Noticed Louise
 54571 | Depths:3 | Killed Louise
 55172 | Depths:3 | Received a gift from Okawaru
 55175 | Depths:3 | Reached XP level 23. HP: 116/220 MP: 31/31
 55408 | Depths:3 | Reached skill level 15 in Throwing
 55429 | Depths:3 | Identified the -9 tower shield of the Griffon {Str+6}
                  | (Okawaru gifted it to you on level 3 of the Depths)
 55429 | Depths:3 | Received a gift from Okawaru
 55535 | Depths:4 | Entered Level 4 of the Depths
 55688 | Depths:4 | Found the +5 sword of Power {vorpal}
 55689 | Depths:4 | Noticed a juggernaut
 55704 | Depths:4 | Killed a juggernaut
 56110 | Depths:4 | Noticed a juggernaut
 56120 | Depths:4 | Killed a juggernaut
 56575 | Depths:4 | Found a gate to the Realm of Zot.
 57577 | Vaults:5 | Entered Level 5 of the Vaults
 57581 | Vaults:5 | Received a gift from Okawaru
 57589 | Vaults:5 | Received a gift from Okawaru
 57710 | Vaults:5 | Noticed a dread lich
 57713 | Vaults:4 | Received a gift from Okawaru
 57760 | Vaults:5 | Noticed a dread lich
 57781 | Vaults:4 | Killed a dread lich
 57810 | Vaults:4 | Killed a dread lich
 57810 | Vaults:4 | Received a gift from Okawaru
 57905 | Vaults:5 | Received a gift from Okawaru
 57940 | Vaults:5 | Reached XP level 24. HP: 149/228 MP: 31/31
 57965 | Vaults:5 | Got a silver rune of Zot
 58061 | Vaults:5 | Reached skill level 15 in Evocations
 58399 | Vaults:5 | Received a gift from Okawaru
 58579 | Vaults:5 | Identified the +3 robe of Pride {MP-9 Int+3 Dex+4}
 58680 | Vaults:5 | Identified the ring "Totoycs" {rPois rF- rN+ Dex+9}
 58691 | Vaults:5 | Reached skill level 10 in Dodging
 58998 | Vaults:5 | Got the Papyrus of Stones
 59852 | Orc:2    | Bought a scroll of enchant armour for 75 gold pieces
 59852 | Orc:2    | Bought a scroll of holy word for 75 gold pieces
 59852 | Orc:2    | Bought a scroll of teleportation for 30 gold pieces
 59852 | Orc:2    | Bought a scroll of holy word for 75 gold pieces
 59852 | Orc:2    | Bought a scroll of enchant armour for 75 gold pieces
 60016 | Elf:3    | You paid a toll of +3 storm dragon scales to enter a
                  | treasure trove
 60017 | Trove    | Entered a treasure trove
 60048 | Trove    | Identified the +1 kite shield "Ocovokh" {rF- Int+5 Dex+2}
 60407 | Temple   | Fell from the grace of Okawaru
 60407 | Temple   | Became a worshipper of the Shining One
 60790 | Crypt:1  | Entered Level 1 of the Crypt
 60839 | Crypt:1  | Reached * piety under the Shining One
 60879 | Crypt:1  | Reached ** piety under the Shining One
 61363 | Crypt:1  | Reached *** piety under the Shining One
 61384 | Crypt:1  | Acquired 883 gold pieces
 61992 | Crypt:2  | Reached **** piety under the Shining One
 62214 | Crypt:2  | Reached ***** piety under the Shining One
 62333 | Crypt:2  | Got the Disquisition on Darkness
 62381 | Crypt:2  | Reached ****** piety under the Shining One
 62651 | Crypt:2  | Reached XP level 25. HP: 236/236 MP: 31/31
 63029 | Crypt:3  | Entered Level 3 of the Crypt
 63139 | Crypt:3  | Identified a +7 broad axe of holy wrath (a +5 broad axe
                  | blessed by the Shining One)
 63139 | Crypt:3  | Received a gift from the Shining One
 63550 | Crypt:3  | Found the +6 shillelagh "Devastator" {shatter}
 63680 | Crypt:3  | Found a staircase to the Tomb.
 63815 | Crypt:3  | Noticed a dread lich
 63816 | Crypt:3  | Noticed a dread lich
 63927 | Crypt:3  | Identified the ring of the Weak Cherry {rN+ Int+3 Slay+2}
 64008 | Crypt:3  | Identified the ring "Derubeh" {rElec rC- rN+ Dex+5 Stlth+}
 64009 | Crypt:3  | Identified the +1 ring mail of Beauty {*Slow rPois Dex+3}
 64014 | Crypt:3  | Killed a dread lich
 64018 | Crypt:3  | Killed a dread lich
 64023 | Crypt:3  | Identified the ring of Hospitality {Fire rN+ Will- Int+2
                  | Slay+5}
 64030 | Crypt:3  | Identified the +6 hand crossbow "Mudimaur" {elec, MP-9
                  | Int+3}
 66038 | D:5      | Fell from the grace of the Shining One
 66038 | D:5      | Became a worshipper of Zin the Law-Giver
 66038 | D:5      | Reached * piety under Zin
 66038 | D:5      | Reached ** piety under Zin
 66038 | D:5      | Reached *** piety under Zin
 66038 | D:5      | Reached **** piety under Zin
 66038 | D:5      | Reached ***** piety under Zin
 66374 | Depths:1 | Voluntarily entered the Abyss.
 66378 | Abyss:1  | Found a sacrificial altar of Ru.
 66438 | Abyss:1  | Found a sacrificial altar of Ru.
 66562 | Abyss:2  | Found a corrupted altar of Lugonu.
 66900 | Abyss:3  | HP: 8/240 [black draconian knight/bolt of lightning (27)]
 66901 | Abyss:3  | Slain by a black draconian knight

Illustrated notes

Levels and vault maps discovered:
D:1:      wander_arrival_peaceful_grave, layout_rooms,
          hellmonk_ecumenical_altar_pennies_from_heaven
D:2:      layout_basic, uniq_sigmund
D:3:      layout_basic, elyvilon_altar_5, st_stairs_14, minmay_rat_hole,
          uniq_jessica
D:4:      layout_loops_corners, nicolae_ossuary_entry_plus, corner_web_ring
D:5:      layout_basic, mainiacjoe_overflow_tiny_flanked,
          mainiacjoe_overflow_swirl, serial_shops, nicolae_shop_stone,
          uniq_ijyb, uniq_prince_ribbit1
D:6:      layout_basic, chequers_serial_rivers_small_b,
          amcnicky_mini_corridor_feature
D:7:      statuecave_lemuel, layout_basic, old_standard_altar,
          minmay_temple_entry_junction, minmay_hedge_maze,
          serial_bayou_lagoon_a, uniq_duvessa, uniq_maggie, uniq_harold
D:8:      layout_loops_cross, mainiacjoe_overflow_boulevard, dpeg_oklobed_lair,
          roderic_batcave, minivault_24
D:9:      layout_irregular_city, mainiacjoe_overflow_catwalk,
          grunt_temple_overflow_open
D:10:     layout_basic, zombieorc2_lemuel, uniq_joseph
D:11:     layout_layer_cave, cheibrodos_ashenzari_chains
D:12:     layout_irregular_city
D:13:     layout_gridville, erik_vaults_1, chequers_garden,
          eat_drink_and_be_merry_uskayaw, uniq_nessos
D:14:     minmay_the_grid_triangle_9x9_line_8_mashed
          [minmay_the_grid_triangle_9x9_descending_squares,
          minmay_the_grid_triangle_9x9_zippers_vertical,
          minmay_the_grid_triangle_9x9_dagger,
          minmay_the_grid_triangle_9x9_thin_v,
          minmay_the_grid_triangle_9x9_minimal,
          minmay_the_grid_triangle_9x9_stretched_checkered,
          minmay_the_grid_triangle_9x9_semitri,
          minmay_the_grid_triangle_9x9_prize_special], layout_gridville,
          uniq_azrael
D:15:     grunt_enter_depths_magical_seal, layout_cave_pods
Temple:   compressed_dpeg_circular_temple
Lair:1:   layout_misc_corridors
Lair:2:   layout_long_grid, minmay_snake_entry_six_corridors,
          ebering_ghost_inner_flame
Lair:3:   layout_misc_corridors, spider_nest_entry_web_field
Lair:4:   layout_roguey [special_room_bee]
Lair:5:   layout_loops_ring, grunt_megastairs_2
Lair:6:   hangedman_lair_in_review, layout_misc_corridors, slime_altar_1,
          portal_ice_cave_entry_ice_simulacra, nicolae_lair_lindhole
Snake:1:  layout_rooms, lemuel_fruit_tree
Snake:2:  layout_cave_town, nicolae_snake_naga_rites, serial_bayou_shore_b
Snake:3:  layout_cave_pods, serial_shops, nicolae_shop_advertising_works
          [nicolae_subvault_shop_adworks], nicolae_shop_behind_doors,
          nicolae_shop_temple_entry_statues_fountains, nicolae_square_shop,
          drop_trap, nicolae_snake_serpentine_bazaar, uniq_aizul
Snake:4:  grunt_snake_rune_pools, layout_cave_town, grunt_ministairs_15
Spider:1: layout_cave_pods
Spider:2: layout_spider_delve, hangedman_spider_tarantella_strand
Spider:3: layout_spider_delve, nicolae_spider_cling_halls, uniq_arachne
Spider:4: floodkiller_spider_rune_tomb, nicolae_spider_stair_cavern
Orc:1:    layout_caves, serial_shops,
          nicolae_shop_temple_entry_statues_fountains, nicolae_shop_waterfront,
          nicolae_shop_behind_doors, nicolae_shop_hallway_plus
Orc:2:    st_orc_elflike, layout_diamond_mine, chequers_guarded_unrand_ignorance
Elf:1:    layout_geoelf_grid, hangedman_elf_represent,
          nicolae_elf_archery_training, grunt_megastairs_4
Elf:2:    elven_hall_of_blades_hangedman_alternative [mumra_blade_entry_dagger],
          layout_geoelf_grid, grunt_megastairs_3, uniq_louise
Elf:3:    minmay_elf_hall_spiked, layout_geoelf_octagon, enter_trove_0,
          nicolae_elf_stair_hall
Vaults:1: ontoclasm_vaults_spin, grunt_vaults_bifocal, vaults_dpeg_diagonal,
          nicolae_vaults_shelves_hall, grunt_vaults_funnel, v_alt_pattern_1,
          ontoclasm_vaults_fire_temple, v_misc_24, v_alt_pattern_2,
          vaults_room_hallway, layout_vaults_omnigrid
Vaults:2: v_misc_14, dpeg_vaults_monster_box, v_pattern_3,
          hangedman_vaults_corner_blocks, v_rooms_5, serial_ice_h,
          ontoclasm_vaults_eye, nicolae_vaults_little_squares_4,
          vaults_dpeg_encased_lava, nicolae_vaults_murderbox, vaults_dpeg_cross,
          layout_vaults_chaotic_city, serial_shops, shop, uniq_nikola,
          uniq_bai_suzhen
Vaults:3: st_spiral_rooms, grunt_vaults_diagonal, hangedman_vaults_nails,
          ontoclasm_vaults_hangar, vaults_standard_mumra_enter_the_diamond,
          blue_anna_dwarven_crypt, vaults_room_fancy_cross, v_misc_8,
          ontoclasm_vaults_pinch, ontoclasm_vaults_idyll, layout_vaults_omnibox,
          uniq_asterion
Vaults:4: nicolae_vaults_network_periphery, nicolae_vaults_rhombus_5,
          ontoclasm_vaults_shuriken, vaults_room_boxed,
          ontoclasm_vaults_ring_small, vaults_room_octagon, v_pattern_1,
          v_alt_pattern_6, ontoclasm_vaults_twist, hangedman_vaults_trim,
          grunt_vaults_hallway_short, vaults_room_stairs_pillars,
          nicolae_vaults_mini_display_case, layout_vaults_omnicross, uniq_jory,
          uniq_margery
Vaults:5: serial_shops
Crypt:1:  layout_catacombs, minivault_24
Crypt:2:  hangedman_screamer, layout_gridlike, special_room
          [special_room_morgue]
Crypt:3:  david_glass_crypt, layout_misc_corridors,
          tomb_entry_forgotten_bobbens, minmay_misc_feat_cross, minivault_27,
          hangedman_weighted_door
Depths:1: layout_gridlike, hell_entry, abyss_entry,
          chequers_serial_rivers_micro_c, nrook_uturn, tgw_lugonu_bribe
Depths:2: kennysheep_scales, layout_honeycomb, enter_ziggurat_f, pan_entry,
          nicolae_wwwww, pf_hell_entry_tar_spiral, serial_shops, shop_statue,
          kennysheep_mini_moat, mu_enter_wizlab_5,
          minmay_misc_feat_secret_circle
Depths:3: minmay_three_patterns, layout_honeycomb,
          nicolae_abyss_entry_one_way_or_another, kennysheep_cross_bottleneck,
          hangedman_coc_ice_floe, lightli_giant_bouncers,
          infiniplex_staircase_squiggle, uniq_sojobo
Depths:4: grunt_zot_entry_funnels, layout_small_grid,
          chequers_serial_rivers_micro_b, grunt_mini_vestibule
Abyss:3:  base: Depths:4, doesnt_abyss_rune_brain_food, evilmike_abyss_exit_3,
          evilmike_abyss_exit_3, gammafunk_abyss_rune_reverse_zot

Skill      XL: |  1  2  3  4  5  6  7  8  9 10 11 12 13 14 15 16 17 18 19 20 21 22 23 24 25 |
---------------+----------------------------------------------------------------------------+-----
Axes           | 3 5 6 7 9 11 13 15 17 18 20 21 | 21.0
Unarmed Combat | 1 2 |  2.4
Armour         | 4 7 9 12 15 18 19 21 22 | 22.4
Shields        | 4 8 13 16 20 23 24 25 | 25.0
Fighting       | 4 5 6 7 8 9 12 14 15 16 18 19 21 22 | 22.4
Dodging        | 4 5 8 12 | 12.0
Invocations    | 2 5 7 10 12 | 12.0
Evocations     | 2 6 8 11 12 14 17 | 17.8
Throwing       | 1 6 10 12 14 16 | 16.0

Action                   |  1- 3 |  4- 6 |  7- 9 | 10-12 | 13-15 | 16-18 | 19-21 | 22-24 | 25-27 || total
-------------------------+-------+-------+-------+-------+-------+-------+-------+-------+-------++-------
Melee: War axe           |    55 |   143 |   210 |   780 |   225 |       |       |       |       ||  1413
       Headbutt          |     5 |    29 |    51 |   175 |   338 |   366 |   400 |   623 |   160 ||  2147
       Whip              |       |       |       |    15 |    32 |       |       |       |       ||    47
       Broad axe         |       |       |       |       |  1018 |  1375 |  1448 |  1830 |   507 ||  6178
Throw: Javelin           |       |       |       |       |     6 |     5 |     4 |     2 |       ||    17
       Dart              |       |       |       |       |       |     2 |     1 |     2 |       ||     5
Invok: Heroism           |       |       |       |     6 |    11 |    12 |     9 |    13 |       ||    51
       Finesse           |       |       |       |       |     2 |     2 |     2 |     2 |       ||     8
       Duel              |       |       |       |       |     1 |     1 |       |     1 |       ||     3
       Divine Shield     |       |       |       |       |       |       |       |     1 |     5 ||     6
       Summon Divine War |       |       |       |       |       |       |       |     1 |     2 ||     3
       Cleansing Flame   |       |       |       |       |       |       |       |     1 |       ||     1
       Vitalisation      |       |       |       |       |       |       |       |       |     2 ||     2
       Recite            |       |       |       |       |       |       |       |       |     1 ||     1
       Brand Weapon With |       |       |       |       |       |       |       |       |     1 ||     1
Evoke: Wand              |       |       |    18 |     2 |     7 |    10 |     3 |     1 |       ||    41
       Phial of floods   |       |       |       |       |     1 |     1 |       |       |       ||     2
       Piece from Xom's  |       |       |       |       |       |       |     2 |       |       ||     2
  Use: Potion            |     1 |       |     1 |       |     2 |     4 |     1 |     1 |     2 ||    12
       Scroll            |       |     1 |    10 |     9 |     7 |    13 |     5 |     7 |     5 ||    57
 Stab: Petrified         |       |       |       |       |     6 |       |       |     1 |       ||     7
       Paralysed         |       |       |       |       |     1 |       |     8 |       |       ||     9
       Distracted        |       |       |       |       |     1 |       |       |       |       ||     1
       Petrifying        |       |       |       |       |       |       |       |     1 |       ||     1
       Confused          |       |       |       |       |       |       |       |       |     1 ||     1
Armor: Scale mail        |    26 |    39 |       |       |       |       |       |       |       ||    65
       Plate armour      |       |     5 |   101 |    24 |       |   254 |       |       |       ||   384
       Chain mail        |       |       |       |   275 |   511 |    80 |       |       |       ||   866
       Crystal plate arm |       |       |       |       |       |   155 |   461 |   640 |   146 ||  1402
Dodge: Dodged            |    25 |    58 |    47 |   208 |   286 |   372 |   246 |   369 |   132 ||  1743
Block: Buckler           |     7 |    39 |    90 |   301 |   104 |       |       |       |       ||   541
       Reflection        |       |       |     4 |     8 |     8 |       |       |       |       ||    20
       Tower shield      |       |       |       |       |   923 |  1511 |  1350 |  1602 |   551 ||  5937

Table legend: (Time is in decaauts)
 A = Elapsed time spent in this place.
 B = Non-inter-level travel time spent in this place.
 C = Inter-level travel time spent in this place.
 D = Time resting spent in this place.
 E = Time spent auto-exploring this place.
 F = Levels seen in this place.
 G = Mean time per level.
                   A        B        C        D        E       F      G
               +--------+--------+--------+--------+--------+-----+--------+
         Total |  65277 |  56038 |   9239 |   8563 |  31165 |  57 | 1145.2 |
       Dungeon |  20079 |  15833 |   4246 |   2507 |  10175 |  15 | 1338.6 |
        Temple |    130 |     76 |     54 |      0 |     61 |   1 |  130.0 |
          Lair |   7895 |   7032 |    863 |   1366 |   4138 |   6 | 1315.8 |
     Snake Pit |   5687 |   5011 |    676 |    769 |   2409 |   4 | 1421.8 |
   Spider Nest |   4082 |   3667 |    415 |    523 |   1928 |   4 | 1020.5 |
  Orcish Mines |   2906 |   2258 |    648 |    697 |   1018 |   2 | 1453.0 |
   Elven Halls |   3741 |   3375 |    366 |    237 |   1898 |   3 | 1247.0 |
        Vaults |   8318 |   7098 |   1220 |    464 |   4277 |   5 | 1663.6 |
         Crypt |   3207 |   3021 |    186 |    134 |   1774 |   3 | 1069.0 |
        Depths |   5442 |   4879 |    563 |    310 |   2667 |   4 | 1360.5 |
         Abyss |    489 |    489 |      0 |      0 |    187 |   3 |  163.0 |
         Trove |    107 |    107 |      0 |      0 |     40 |   1 |  107.0 |
       Ossuary |    263 |    263 |      0 |      0 |     26 |   1 |  263.0 |
      Ice Cave |   2239 |   2239 |      0 |   1339 |    457 |   1 | 2239.0 |
        Wizlab |    602 |    602 |      0 |    208 |    109 |   1 |  602.0 |
         Arena |     84 |     84 |      0 |      6 |      0 |   3 |   28.0 |
               +--------+--------+--------+--------+--------+-----+--------+

Top non-repeatable levels by time:
   IceCv: 2239 daAuts
     D:5: 2218 daAuts
    D:14: 2170 daAuts
Depths:3: 2001 daAuts
Vaults:1: 1929 daAuts
Vaults:4: 1923 daAuts
 Snake:3: 1813 daAuts
   Orc:2: 1722 daAuts
  Lair:2: 1660 daAuts
     D:7: 1615 daAuts
Vaults:2: 1615 daAuts
  Lair:4: 1608 daAuts
 Snake:2: 1602 daAuts
 Snake:4: 1577 daAuts
Vaults:5: 1574 daAuts
